 Dungeon Crawl Stone Soup version 0.24.0-125-gc4c63601f3 (webtiles) character file.

Game seed: 2045866449104783576, levelgen mode: deterministic

2758 Martska the Poker (level 9, -25/69 HPs)
             Began as a Merfolk Ice Elementalist on Feb 25, 2020.
             Was a Believer of the Shining One.
             Engulfed by a cloud of freezing vapour (31 damage)
             ... on level 8 of the Dungeon.
             The game lasted 00:28:59 (10540 turns).

Martska the Poker (Merfolk Ice Elementalist)       Turns: 10540, Time: 00:28:59

Health: -25/69     AC:  5    Str:  8    XL:     9   Next: 69%
Magic:  9/13       EV: 15    Int: 14    God:    the Shining One [**....]
Gold:   521        SH:  0    Dex: 18    Spells: 2/14 levels left

rFire    . . .     SeeInvis .   w - +1 spear (venom)
rCold    . . .     Gourm    .   (no shield)
rNeg     + + .     Faith    .   g - +0 leather armour
rPois    .         Spirit   .   (no helmet)
rElec    .         Reflect  .   s - +0 cloak
rCorr    +         Harm     .   (no gloves)
MR       .....                  h - +0 pair of boots
Stlth    +.........             F - amulet of regeneration
HPRegen  0.61/turn              B - ring of resist corrosion
MPRegen  0.13/turn              A - ring of positive energy

@: very slightly contaminated, glowing
A: change form in water, swift swim, stealthy swim
a: Divine Shield, Renounce Religion


You were on level 8 of the Dungeon.
You worshipped the Shining One.
The Shining One was pleased with you.
You were not hungry.

You visited 2 branches of the dungeon, and saw 9 of its levels.

You collected 521 gold pieces.

Inventory:

Hand Weapons
 j - a +0 spear
 l - a +1 dagger of protection
 q - a +1 antimagic war axe
 r - a cursed -3 flail
 w - a +1 spear of venom (weapon)
 H - a +1 trident
 J - a +0 halberd
 K - a +2 whip of freezing
Armour
 d - a +0 large shield
 g - a +0 leather armour (worn)
 h - a +0 pair of boots (worn)
 s - a +0 cloak (worn)
Jewellery
 t - an uncursed ring of protection from cold
 y - an uncursed ring of flight
 A - a ring of positive energy (right hand)
 B - a ring of resist corrosion (left hand)
 F - an amulet of regeneration (around neck)
 I - a cursed amulet of inaccuracy
 L - an uncursed amulet of the gourmand {unknown}
Wands
 v - a wand of flame (24)
 z - a wand of paralysis (8)
 C - a wand of acid (3)
Scrolls
 a - a scroll of enchant weapon {unknown}
 b - 2 scrolls of remove curse
 f - 3 scrolls of identify
 i - a scroll of teleportation
 k - a scroll of blinking
 o - 2 scrolls of fear
 u - a scroll of immolation
Potions
 m - 2 potions of heal wounds
 n - 2 potions of brilliance
 x - 3 potions of might
 D - 3 potions of resistance
 G - 2 potions of mutation
Comestibles
 c - 8 rations


   Skills:
 * Level 6.2 Fighting
 * Level 7.3 Polearms
 + Level 2.7 Armour
 + Level 5.9 Dodging
 - Level 3.0 Stealth
 + Level 3.6 Shields
 - Level 3.2 Spellcasting
 - Level 0.7 Conjurations
 + Level 3.7 Charms
 + Level 5.5 Ice Magic
 + Level 2.6 Invocations
 + Level 2.7 Evocations


You had 2 spell levels left.
You knew the following spells:

 Your Spells              Type           Power        Failure   Level  Hunger
a - Freeze                Ice            ###.         3%          1    #......
b - Ozocubu's Armour      Chrm/Ice       ###.....     13%         3    ###....
c - Throw Icicle          Conj/Ice       ##......     63%         4    #####..
d - Summon Ice Beast      Ice/Summ       ##......     67%         4    #####..

Your spell library contained the following spells:

 Spells                   Type           Power        Failure   Level  Hunger
 Throw Frost              Conj/Ice       ##....       12%         2    ##.....


Dungeon Overview and Level Annotations

Branches:
Dungeon (8/15)             Temple (1/1) D:5
   Lair: D:8-11

Altars:
Ashenzari
Cheibriados
Dithmenos
Fedhas
Gozag
Kikubaaqudgha
Makhleb
Nemelex Xobeh
Okawaru
Qazlal
Trog
Uskayaw
Vehumet
Wu Jian
The Shining One

Annotations:
D:3 exclusion: oklob plant


Message History

Confirm with . or Enter, or press ? or * to list all spells.
Okay, then.
Casting: Freeze (safe; 3% risk of failure)
Confirm with . or Enter, or press ? or * to list all spells.
You can't see any susceptible monsters within range! (Use Z to cast anyway.)
Casting: Freeze (safe; 3% risk of failure)
Confirm with . or Enter, or press ? or * to list all spells.
The spell is very dangerous to cast (63% risk of failure)!
Continue anyway?
Aiming: Throw Icicle (very dangerous; 63% risk of failure)
Press: ? - help, Shift-Dir - straight line, f - two-headed ogre
Aim: a two-headed ogre, wielding two +0 giant clubs You miscast Throw Icicle.
You are very lightly contaminated with residual magic.
Freezing gases pour from your hands!
You are engulfed in freezing vapours.
You are engulfed in freezing vapours.
You are engulfed in freezing vapours.
* * * LOW HITPOINT WARNING * * *
The two-headed ogre is engulfed in freezing vapours.
You are engulfed in freezing vapours.
You die... # ############################ ....§O§°○☼○@...............' ############################ ## #. +. #. #. #. ##

You could see a two-headed ogre.

Vanquished Creatures
  2 ogres
  2 black bears
  A sky beast (D:8)
  3 phantoms
  2 centaurs
  2 bullfrogs (D:7)
  2 elf skeletons (D:4)
  A scorpion (D:7)
  5 wights (D:7)
  2 vampire bats (D:2)
  5 crimson imps
  3 orc priests
  2 hounds (D:5)
  8 orc wizards
  A human zombie (D:4)
  4 centaur skeletons
  An iguana (D:6)
  2 human skeletons (D:4)
  8 worker ants
  A hound skeleton (D:4)
  Robin (D:4)
  A howler monkey zombie (D:7)
  A worker ant zombie (D:5)
  7 gnolls
  7 adders
  An ooze (D:6)
  2 adder skeletons (D:6)
  6 worms
  3 leopard geckos
  29 orcs
  5 bats
  2 bat skeletons (D:2)
  4 bat zombies (D:2)
  5 giant cockroaches
  13 goblins
  6 hobgoblins
  4 jackals (D:2)
  4 quokkas
  3 ball pythons
  5 frilled lizards
  5 kobolds
  A leopard gecko skeleton (D:7)
  An orc skeleton (D:4)
  7 rats
180 creatures vanquished.

Vanquished Creatures (others)
  2 orc wizards (D:5)
  5 toadstools (D:1)
7 creatures vanquished.

Grand Total: 187 creatures vanquished

Notes
Turn   | Place    | Note
-------+----------+-------------------------------------------
     0 | D:1      | Martska the Merfolk Ice Elementalist began the quest for
                  | the Orb.
     0 | D:1      | Reached XP level 1. HP: 13/13 MP: 3/3
   586 | D:1      | Reached XP level 2. HP: 8/20 MP: 5/5
  1032 | D:1      | Reached skill level 1 in Fighting
  1610 | D:2      | Reached XP level 3. HP: 14/26 MP: 1/6
  2130 | D:2      | Found a shattered altar of Ashenzari.
  2171 | D:2      | Reached XP level 4. HP: 29/33 MP: 0/7
  2543 | D:2      | Found an ancient bone altar of Kikubaaqudgha.
  2584 | D:2      | Reached skill level 1 in Shields
  2594 | D:2      | Reached XP level 5. HP: 23/39 MP: 0/8
  3010 | D:3      | Reached skill level 1 in Armour
  3131 | D:3      | Found an ornate altar of the Wu Jian Council.
  3183 | D:3      | Reached XP level 6. HP: 29/47 MP: 0/10
  3197 | D:2      | Learned a level 3 spell: Ozocubu's Armour
  3202 | D:2      | Learned a level 4 spell: Throw Icicle
  3748 | D:3      | Found a blossoming altar of Fedhas.
  4125 | D:3      | Noticed an oklob plant
  4496 | D:4      | Reached skill level 1 in Charms
  4730 | D:4      | Reached XP level 7. HP: 27/53 MP: 11/11
  4853 | D:4      | Found a sand-covered staircase.
  5539 | D:4      | Noticed Robin
  5550 | D:4      | Killed Robin
  6225 | D:5      | Entered Level 5 of the Dungeon
  6225 | D:5      | Found a staircase to the Ecumenical Temple.
  6264 | Temple   | Entered the Ecumenical Temple
  6281 | Temple   | Became a worshipper of the Shining One
  6807 | D:5      | Reached XP level 8. HP: 42/61 MP: 9/12
  6873 | D:5      | Reached skill level 1 in Evocations
  7213 | D:6      | Reached skill level 1 in Polearms
  7262 | D:6      | Reached skill level 3 in Polearms
  7281 | D:5      | Reached skill level 4 in Polearms
  7880 | D:6      | Reached skill level 5 in Polearms
  8015 | D:6      | Reached skill level 5 in Dodging
  8054 | D:6      | Learned a level 4 spell: Summon Ice Beast
  8296 | D:6      | Found a hide-covered altar of Uskayaw.
  8350 | D:6      | Reached skill level 5 in Fighting
  8350 | D:6      | Reached skill level 1 in Invocations
  8893 | D:7      | Reached skill level 6 in Polearms
  8893 | D:7      | Reached skill level 5 in Ice Magic
  8907 | D:7      | Reached XP level 9. HP: 57/68 MP: 11/13
  9087 | D:7      | Reached * piety under the Shining One
  9595 | D:7      | Found a burning altar of Makhleb.
  9596 | D:7      | Found a shadowy altar of Dithmenos.
  9596 | D:7      | Found a sparkling altar of Nemelex Xobeh.
  9598 | D:7      | Found a stormy altar of Qazlal.
  9697 | D:7      | Reached skill level 7 in Polearms
 10292 | D:8      | Reached ** piety under the Shining One
 10534 | D:8      | Noticed a two-headed ogre
 10540 | D:8      | Engulfed by a cloud of freezing vapour

Levels and vault maps discovered:
D:1:      ldierk_walled_garden, layout_loops_ring, minmay_box_of_dots
D:2:      layout_loops_ring, nicolae_ashenzari_panopticon,
          kennysheep_vampire_church
D:3:      layout_loops_ring, old_standard_altar, tgw_fedhas, first_ration
D:4:      layout_basic, nicolae_ossuary_entry_catacombs, uniq_robin
D:5:      layout_rooms, minmay_temple_entry_gardened_gates
D:6:      layout_loops_ring, basic_altar
D:7:      layout_gridville, chequers_temple_overflow_statue_of_worship
D:8:      layout_basic, lemuel_round_altar
Temple:   dshaligram_water_room_temple

Skill      XL: |  1  2  3  4  5  6  7  8  9 |
---------------+----------------------------+-----
Fighting       | 1 2 3 4 5 6 |  6.2
Dodging        | 3 4 5 |  5.9
Shields        | 1 2 3 |  3.6
Stealth        | 3 |  3.0
Armour         | 1 2 |  2.7
Ice Magic      | 4 5 |  5.5
Charms         | 1 2 3 |  3.7
Spellcasting   | 3 |  3.2
Evocations     | 1 2 |  2.7
Polearms       | 6 7 |  7.3
Invocations    | 1 2 |  2.6
Conjurations   | |  0.7

Action                   |  1- 3 |  4- 6 |  7- 9 || total
-------------------------+-------+-------+-------++-------
Melee: Unarmed           |    22 |       |       ||    22
       Club              |    79 |       |       ||    79
       Dagger            |       |   264 |   339 ||   603
       Spear             |       |       |   372 ||   372
 Cast: Freeze            |    41 |    55 |   102 ||   198
       Ozocubu's Armour  |       |     2 |    18 ||    20
  Use: Scroll            |       |       |    13 ||    13
       Potion            |       |       |     5 ||     5
 Stab: Sleeping          |     3 |     7 |       ||    10
  Eat: Chunk             |     2 |     1 |     7 ||    10
       Ration            |     1 |     3 |     4 ||     8
Armor: Robe              |    22 |       |       ||    22
       Leather armour    |    29 |   182 |   262 ||   473
Dodge: Dodged            |   121 |   340 |   436 ||   897
